 Dungeon Crawl Stone Soup version 0.31-a0-640-g39d97e502b (webtiles) character file.

Game seed: 15784816811161859526

917 ryw the Ruffian (level 7, -8/70 HPs)
             Began as a Troll Fighter on Aug 28, 2023.
             Was an Initiate of Okawaru.
             Succumbed to a gnoll sergeant's poison
             ... on level 4 of the Dungeon.
             The game lasted 00:08:15 (3745 turns).

ryw the Ruffian (Troll Fighter)                     Turns: 3745, Time: 00:08:15

Health: -8/70      AC:  8    Str: 26 (27) XL:     7   Next: 83%
Magic:  6/6        EV:  9    Int:  3 (4)  God:    Okawaru [......]
Gold:   221        SH:  8    Dex:  6 (9)  Spells: 6/6 levels left

rFire   . .          .
                       - Unarmed
rCold   . . .        b - +1 kite shield
rNeg    . . .        a - +0 robe
rPois   .            (helmet restricted)
rElec   .            (no cloak)
rCorr   .            (gloves unavailable)
SInv    .            (boots unavailable)
Will    .....        (no amulet)
Stlth   +            x - +4 ring of protection
HPRegen 1.11/turn    (no ring)
MPRegen 0.10/turn

%: no passive effects
@: mighty, lethally poisoned (-8 -> -42), hasted, very quick
A: large, unfitting armour, claws 3, regeneration 1, shaggy fur 1, tough skin 1
a: Renounce Religion


You were on level 4 of the Dungeon.
You worshipped Okawaru.
Okawaru was noncommittal.
You visited 1 branch of the dungeon, and saw 4 of its levels.

You collected 221 gold pieces.

Inventory:

Missiles
 k - 8 boomerangs (quivered)
 n - 6 poisoned darts
 r - 6 curare-tipped darts
Armour
 a - a +0 robe (worn)
 b - a +1 kite shield (worn)
Jewellery
 o - a ring of flight
 p - a ring of magical power
 x - a +4 ring of protection (left claw)
Talismans
 i - a serpent talisman
Wands
 e - a wand of flame (12)
Scrolls
 d - 2 scrolls of teleportation
 j - a scroll of blinking
 q - a scroll of immolation
 u - a scroll of vulnerability {unknown}
 v - 2 scrolls of identify
Potions
 f - a potion of mutation
 g - a potion of enlightenment
 l - a potion of attraction
 t - a potion of lignification {unknown}
 w - a potion of cancellation {unknown}


   Skills:
 + Level 4.1 Fighting
 - Level 1.0 Throwing
 - Level 4.0 Dodging
 + Level 4.4 Shields
 * Level 5.8 Unarmed Combat
 + Level 0.0 Invocations


You had 6 spell levels left.
You didn't know any spells.
Your spell library contained the following spells:

 Spells                   Type           Power      Damage    Failure   Level
 Dazzling Flash           Conj/Hex       0%         N/A       98%         3
 Agony                    Necr           0%         N/A       100%        5
 Silence                  Hex/Air        0%         N/A       100%        5


Dungeon Overview and Level Annotations

Branches:
Dungeon (4/15)
 Temple: D:4-7

Altars:
Nemelex Xobeh
Okawaru
Qazlal

Shops:
D:4 =

Annotations:
D:3 2 runed translucent doors
D:4 1 transporter, turgid's ghost, amateur OpEE


Innate Abilities, Weirdness & Mutations

You are too large for most types of armour.
You have claws for hands.
Your natural rate of healing is unusually fast.
You are covered in fur. (AC +1)
You have tough skin. (AC +1)


Message History

You feel your attacks grow feeble.
The gnoll hits you from afar with a +0 spear.
* * * LOW HITPOINT WARNING * * *
You closely miss the gnoll sergeant.
The gnoll sergeant is heavily wounded.
You feel very sick.
The gnoll is no longer moving quickly.
The gnoll sergeant closely misses you. You block the gnoll's attack.
It was a potion of heal wounds.
You feel much better.
You feel very sick. You block the gnoll sergeant's attack.
The gnoll bouda barks out a call to the hunt!
The gnoll picks up the pace!
The gnoll closely misses you.
You scratch the gnoll sergeant but do no damage.
The gnoll sergeant is moderately wounded.
You feel very sick. You block the gnoll sergeant's attack.
The gnoll hits you but does no damage.
It was a potion of degeneration.
There was something very wrong with that liquid.
You feel weakened.
You feel dopey.
You feel clumsy.
You feel sick.
The gnoll sergeant hits you with a +3 spear of venom!
You are more poisoned.
The gnoll hits you from afar with a +0 spear.
You barely miss the gnoll sergeant.
The gnoll sergeant is moderately wounded.
Your attacks no longer feel as feeble.
* * * LOW HITPOINT WARNING * * *
You feel very sick.
The gnoll is no longer moving quickly.
The gnoll sergeant misses you. The gnoll hits you but does no damage.
* * * LOW HITPOINT WARNING * * *
You feel very sick.
The gnoll sergeant hits you from afar with a +3 spear of venom!
* * * LOW HITPOINT WARNING * * *
You are more poisoned.
Unknown command.
It was a potion of haste.
You feel yourself speed up.
You die...

#......≈≈#.#.#.###.©.###.#g#W#≈≈.
.......≈≈#...###©#####.###...#≈≈.
.###...≈≈### .....gg.......###≈≈.
..###..≈≈.8#.######g######.#8.≈≈.
..####.≈≈.##.#...#8..#.⌠.#.##.≈≈.
#..# #.~~.#..'..:#⌠©.....'..#.~~.
#### #.≈≈.##.#...#8.g#.⌠.#.##.≈≈.
#.≈≈.8#.######g######.#8.≈≈.
#.≈≈###....@.gg.......###≈≈.
#.≈≈#...###.#####.###...#≈≈.
#.≈≈#.#g#.###.©.###.#.#.#≈≈.
#.≈≈#####...........#####≈≈.
#.≈≈≈≈≈≈≈≈≈≈≈≈~≈≈≈≈≈≈≈≈≈≈≈≈.
#.≈≈≈≈≈≈≈≈≈≈≈≈~≈≈≈≈≈≈≈≈≈≈≈≈.
#...........................
#######........#####....####
##...####..........##


You could see a gnoll sergeant (swift), a gnoll bouda and a gnoll.

Vanquished Creatures
  Grinder (D:3)
  Eustachio (D:4)
  A phantom (D:4)
  3 scorpions (D:4)
  2 orc priests (D:3)
  Jessica (D:2)
  2 sleepcaps
  6 adders
  4 gnolls
  A worm (D:3)
  2 dart slugs
  6 orcs
  11 endoplasms
  4 giant cockroaches
  8 goblins
  3 hobgoblins
  9 jackals
  9 kobolds
  2 quokkas
  7 ball pythons
  9 bats
  3 frilled lizards
  4 rats
99 creatures vanquished.

Notes
Turn   | Place    | Note
-------+----------+-------------------------------------------
     0 | D:1      | ryw the Troll Fighter began the quest for the Orb.
     0 | D:1      | Reached XP level 1. HP: 22/22 MP: 0/0
    90 | D:1      | Reached XP level 2. HP: 29/29 MP: 1/1
   274 | D:1      | Reached XP level 3. HP: 36/36 MP: 2/2
   751 | D:2      | Reached skill level 3 in Unarmed Combat
   833 | D:1      | Reached XP level 4. HP: 44/44 MP: 3/3
  1052 | D:2      | Noticed Jessica
  1057 | D:2      | Killed Jessica
  1339 | D:2      | Reached XP level 5. HP: 53/53 MP: 4/4
  1595 | D:3      | Found a large runed translucent door.
  1596 | D:3      | Found a large runed translucent door.
  1664 | D:3      | Reached skill level 1 in Throwing
  1767 | D:3      | Found a sparkling altar of Nemelex Xobeh.
  1931 | D:3      | Reached skill level 4 in Unarmed Combat
  2008 | D:3      | Noticed Grinder
  2010 | D:3      | Found a faded altar of an unknown god.
  2015 | D:3      | Paralysed by Grinder for 2 turns
  2021 | D:3      | Paralysed by Grinder for 2 turns
  2030 | D:3      | Killed Grinder
  2031 | D:3      | Reached XP level 6. HP: 9/61 MP: 5/5
  2220 | D:3      | Found an iron altar of Okawaru.
  2229 | D:3      | Became a worshipper of Warmaster Okawaru
  2396 | D:4      | Identified the +5 ring mail of Infinity {Contam rC+++ rN+
                  | Int+2}
  2396 | D:4      | Identified the +1 kite shield "Inawiogh" {rCorr Str+3
                  | Dex+2}
  2481 | D:4      | Found a transporter.
  2482 | D:4      | Found a transporter.
  2514 | D:4      | Noticed Eustachio
  2541 | D:4      | Killed Eustachio
  2542 | D:4      | Reached skill level 5 in Unarmed Combat
  2542 | D:4      | Reached XP level 7. HP: 53/68 MP: 6/6
  2937 | D:4      | Reached * piety under Okawaru
  3055 | D:4      | Noticed an air elemental
  3062 | D:4      | Noticed a fire elemental
  3064 | D:4      | Found a stormy altar of Qazlal.
  3067 | D:4      | Noticed a water elemental
  3194 | D:4      | Found Exom's Jewellery Shop.
  3682 | D:4      | Noticed turgid's ghost (amateur OpEE)
  3744 | D:4      | HP: 1/70 [gnoll sergeant/+3 spear of venom (12)]
  3745 | D:4      | Succumbed to a gnoll sergeant's poison

Illustrated notes

Levels and vault maps discovered:
D:1:      lightli_iron_boxes, layout_basic
D:2:      layout_basic, nicolae_the_louvre, uniq_jessica
D:3:      kennysheep_goblin_castle, layout_basic, kennysheep_okawaru_gauntlet,
          jmf_multi_god_temple2, mainiacjoe_overflow_paths,
          hellmonk_ecumenical_altar_blasted, uniq_grinder
D:4:      layout_layer_cave, nicolae_qazlal_style_of_elements, serial_shops,
          nicolae_shop_real_fake_doors, gammafunk_ghost_gnarly_gnolls,
          minmay_joined_circles, uniq_eustachio

Skill      XL: |  1  2  3  4  5  6  7 |
---------------+----------------------+-----
Shields        | 3 4 |  4.4
Unarmed Combat | 3 4 5 |  5.8
Dodging        | 3 4 |  4.0
Fighting       | 3 4 |  4.1
Throwing       | 1 |  1.0

Action                     |  1- 3 |  4- 6 |  7- 9 || total
---------------------------+-------+-------+-------++-------
  Melee: Unarmed           |    99 |   124 |    68 ||   291
  Throw: Boomerang         |       |     2 |       ||     2
 Invoke: Heroism           |       |       |     1 ||     1
    Use: Potion            |       |     1 |     4 ||     5
         Scroll            |       |     3 |     5 ||     8
 Armour: Robe              |    38 |    41 |    19 ||    98
  Dodge: Dodged            |    36 |    59 |    19 ||   114
  Block: Kite shield       |    44 |    48 |    24 ||   116

Table legend: (Time is in decaauts)
 A = Elapsed time spent in this place.
 B = Non-inter-level travel time spent in this place.
 C = Inter-level travel time spent in this place.
 D = Time resting spent in this place.
 E = Time spent auto-exploring this place.
 F = Levels seen in this place.
 G = Mean time per level.
                   A        B        C        D        E       F      G
               +--------+--------+--------+--------+--------+-----+--------+
         Total |   3760 |   3687 |     73 |    427 |   2373 |   4 |  940.0 |
       Dungeon |   3760 |   3687 |     73 |    427 |   2373 |   4 |  940.0 |
               +--------+--------+--------+--------+--------+-----+--------+

Top non-repeatable levels by time:
     D:4: 1375 daAuts
     D:1: 892 daAuts
     D:3: 848 daAuts
     D:2: 644 daAuts
